TOP OF THE 1ST |
Tulsa Drillers batting - Pitching for Mobile BayBears : RHP Aaron Saenz
|
Pitching: RHP Aaron Saenz
|
|
Batting: RHB Tony Reyna
|
0-0: Ball 1-0: Ball 2-0: Called Strike 2-1: Ball 3-1: Foul Ball, location: 2F 3-2: Foul Ball, location: 2F 3-2: Base on Balls
|
Batting: LHB Antonio Luis
|
0-0: SINGLE (Groundball, 3D, EV 107.5 MPH) Tony Reyna to second Runner from 2nd tries for 3rd, OUT! 9-5
|
Batting: SHB Rich Rubio
|
0-0: Called Strike 0-1: SINGLE (Flyball, 8RS, EV 94.4 MPH) Antonio Luis to second Runner from 2nd tries for 3rd, SAFE, no throw by CF
|
Batting: RHB Tommie Lee
|
0-0: Called Strike 0-1: Ball 1-1: Called Strike Rich Rubio steals 2nd, throwing error, E2 Antonio Luis scores Rich Rubio to third 1-2: Ground out 5-3 (Groundball, 56S, EV 82.5 MPH) Rich Rubio scores
|
Batting: RHB Eddie Perry
|
0-0: Called Strike 0-1: Ball 1-1: Fly out, F8 (Line Drive, 8LD, EV 95.6 MPH)
|
Top of the 1st over - 2 runs, 2 hits, 1 error, 0 left on base; Tulsa 2 - Mobile 0 |
BOTTOM OF THE 1ST |
Mobile BayBears batting - Pitching for Tulsa Drillers : RHP Jeremy Stock
|
Pitching: RHP Jeremy Stock
|
|
Batting: LHB Josh Gottlieb
|
0-0: Ground out 4-3 (Groundball, 4, EV 98.1 MPH)
|
Batting: RHB Dave Vargas
|
0-0: Foul Ball, location: 2F 0-1: Called Strike 0-2: Ball 1-2: Strikes out looking
|
Batting: LHB Bobby Arevalo
|
0-0: Foul Ball, location: 2F 0-1: Ball 1-1: Ball 2-1: Foul Ball, location: 2F 2-2: Ball 3-2: Foul Ball, location: 2F 3-2: Strikes out looking
|
Bottom of the 1st over - 0 runs, 0 hits, 0 errors, 0 left on base; Tulsa 2 - Mobile 0 |
TOP OF THE 2ND |
Tulsa Drillers batting - Pitching for Mobile BayBears : RHP Aaron Saenz
|
Batting: LHB Kippy McGrath
|
0-0: Swinging Strike 0-1: Fly out, F5 (Popup, 5F, EV 68.8 MPH)
|
Batting: LHB Mike Dickinson
|
0-0: Ball 1-0: Called Strike 1-1: SINGLE (Groundball, 34D, EV 108.1 MPH)
|
Batting: LHB Fernando Amaya
|
0-0: Called Strike 0-1: Foul Ball, location: 2F 0-2: Ball 1-2: Strikes out swinging
|
Batting: RHB Kevin Ezell
|
0-0: Foul Ball, location: 2F 0-1: Ball Wild Pitch! Mike Dickinson to second 1-1: Foul Ball, location: 2F 1-2: Ground out 5-3 (Groundball, 56S, EV 61.2 MPH)
|
Top of the 2nd over - 0 runs, 1 hit, 0 errors, 1 left on base; Tulsa 2 - Mobile 0 |
BOTTOM OF THE 2ND |
Mobile BayBears batting - Pitching for Tulsa Drillers : RHP Jeremy Stock
|
Batting: RHB Shane Smith
|
0-0: Ball 1-0: Called Strike 1-1: Fly out, F7 (Line Drive, 7D, EV 90.0 MPH)
|
Batting: LHB Josh Kirk
|
0-0: Ball 1-0: SINGLE (Groundball, 6M, EV 87.5 MPH) (infield hit)
|
Batting: RHB Toichiro Fujimoto
|
0-0: Ball 1-0: Ball 2-0: Grounds into double play, 6-4-3 (Groundball, 6MD, EV 83.8 MPH)
|
Bottom of the 2nd over - 0 runs, 1 hit, 0 errors, 0 left on base; Tulsa 2 - Mobile 0 |
TOP OF THE 3RD |
Tulsa Drillers batting - Pitching for Mobile BayBears : RHP Aaron Saenz
|
Batting: RHB Tony Reyna
|
0-0: Foul Ball, location: 2F 0-1: Ground out 6-3 (Groundball, 6, EV 91.9 MPH)
|
Batting: LHB Antonio Luis
|
0-0: Ball 1-0: Called Strike 1-1: Ball 2-1: Ball 3-1: Base on Balls
|
Batting: SHB Rich Rubio
|
0-0: SINGLE (Groundball, 34D, EV 98.1 MPH) Antonio Luis to second Runner from 2nd tries for 3rd, SAFE, no throw by RF
|
Batting: RHB Tommie Lee
|
0-0: Ball 1-0: Swinging Strike 1-1: Swinging Strike 1-2: Strikes out swinging
|
Batting: RHB Eddie Perry
|
0-0: Foul Ball, location: 2F 0-1: Ball 1-1: Ball 2-1: Foul Ball, location: 2F 2-2: Fly out, F8 (Flyball, 8RD, EV 103.8 MPH)
|
Top of the 3rd over - 0 runs, 1 hit, 0 errors, 2 left on base; Tulsa 2 - Mobile 0 |
BOTTOM OF THE 3RD |
Mobile BayBears batting - Pitching for Tulsa Drillers : RHP Jeremy Stock
|
Batting: RHB Andy Schuett
|
0-0: Foul Ball, location: 2F 0-1: Ground out 5-3 (Groundball, 56S, EV 87.5 MPH)
|
Batting: RHB Casey Stripling
|
0-0: Called Strike 0-1: Foul Ball, location: 2F 0-2: Ball 1-2: Ball 2-2: Ball 3-2: Foul Ball, location: 2F 3-2: Ground out 6-3 (Groundball, 6, EV 77.5 MPH)
|
Batting: RHB Franklin Villanueva
|
0-0: Ball 1-0: DOUBLE (Line Drive, 5D, EV 98.8 MPH)
|
Batting: LHB Josh Gottlieb
|
0-0: Ball 1-0: Ball 2-0: Foul Ball, location: 2F 2-1: Foul Ball, location: 2F 2-2: Ball 3-2: Foul Ball, location: 2F 3-2: SINGLE (Groundball, P, EV 79.4 MPH) (infield hit) Franklin Villanueva to third
|
Batting: RHB Dave Vargas
|
0-0: Called Strike 0-1: Called Strike 0-2: Strikes out looking
|
Bottom of the 3rd over - 0 runs, 2 hits, 0 errors, 2 left on base; Tulsa 2 - Mobile 0 |
TOP OF THE 4TH |
Tulsa Drillers batting - Pitching for Mobile BayBears : RHP Aaron Saenz
|
Batting: LHB Kippy McGrath
|
0-0: Ball 1-0: Called Strike 1-1: Fly out, F8 (Flyball, 89XD, EV 91.9 MPH)
|
Batting: LHB Mike Dickinson
|
0-0: Called Strike 0-1: Fly out, F6 (Flyball, 56D, EV 94.4 MPH)
|
Batting: LHB Fernando Amaya
|
0-0: Ground out 4-3 (Groundball, 4, EV 91.2 MPH)
|
Top of the 4th over - 0 runs, 0 hits, 0 errors, 0 left on base; Tulsa 2 - Mobile 0 |
BOTTOM OF THE 4TH |
Mobile BayBears batting - Pitching for Tulsa Drillers : RHP Jeremy Stock
|
Batting: LHB Bobby Arevalo
|
0-0: Foul Ball, location: 2F 0-1: Swinging Strike 0-2: Foul Ball, location: 2F 0-2: Strikes out swinging
|
Batting: RHB Shane Smith
|
0-0: Swinging Strike 0-1: Foul Ball, location: 2F 0-2: Foul Ball, location: 2F 0-2: Ball 1-2: Foul Ball, location: 2F 1-2: Foul Ball, location: 2F 1-2: Ball 2-2: Strikes out swinging
|
Batting: LHB Josh Kirk
|
0-0: Swinging Strike 0-1: Called Strike 0-2: Ball 1-2: Strikes out swinging
|
Bottom of the 4th over - 0 runs, 0 hits, 0 errors, 0 left on base; Tulsa 2 - Mobile 0 |
TOP OF THE 5TH |
Tulsa Drillers batting - Pitching for Mobile BayBears : RHP Aaron Saenz
|
Batting: RHB Kevin Ezell
|
0-0: Ball 1-0: DOUBLE (Line Drive, 78M, EV 88.1 MPH)
|
Batting: RHB Tony Reyna
|
0-0: Called Strike 0-1: Swinging Strike 0-2: Foul Ball, location: 2F 0-2: Ground out 4-3 (Groundball, 6MD, EV 108.8 MPH) Kevin Ezell to third
|
Batting: LHB Antonio Luis
|
0-0: Called Strike 0-1: Ball 1-1: Swinging Strike 1-2: Ground out 6-3 (Groundball, 4, EV 81.9 MPH)
|
Batting: SHB Rich Rubio
|
0-0: Hit by Pitch
|
Batting: RHB Tommie Lee
|
0-0: Ball 1-0: Called Strike 1-1: Ball 2-1: Called Strike 2-2: Fielders Choice at 2nd, 6-4 (Groundball, 6, EV 85.0 MPH)
|
Top of the 5th over - 0 runs, 1 hit, 0 errors, 2 left on base; Tulsa 2 - Mobile 0 |
BOTTOM OF THE 5TH |
Mobile BayBears batting - Pitching for Tulsa Drillers : RHP Jeremy Stock
|
Batting: RHB Toichiro Fujimoto
|
0-0: Swinging Strike 0-1: Ground out U3 (Groundball, 34, EV 101.9 MPH)
|
Batting: RHB Andy Schuett
|
0-0: Ball 1-0: Called Strike 1-1: Called Strike 1-2: Fly out, F3 (Popup, 3SF, EV 79.4 MPH)
|
Batting: RHB Casey Stripling
|
0-0: Called Strike 0-1: Ball 1-1: Ground out 5-3 (Groundball, 56, EV 80.6 MPH)
|
Bottom of the 5th over - 0 runs, 0 hits, 0 errors, 0 left on base; Tulsa 2 - Mobile 0 |
TOP OF THE 6TH |
Tulsa Drillers batting - Pitching for Mobile BayBears : RHP Aaron Saenz
|
Batting: RHB Eddie Perry
|
0-0: Ball 1-0: Ball 2-0: Called Strike 2-1: Ball 3-1: DOUBLE (Line Drive, 9LM, EV 101.2 MPH)
|
Batting: LHB Kippy McGrath
|
0-0: Called Strike 0-1: Ball 1-1: Fly out, F7 (Flyball, 7, EV 89.4 MPH)
|
Batting: LHB Mike Dickinson
|
0-0: Called Strike 0-1: Swinging Strike 0-2: Foul Ball, location: 2F 0-2: Ball 1-2: Strikes out swinging
|
Batting: LHB Fernando Amaya
|
0-0: Intentional Walk
|
Batting: RHB Kevin Ezell
|
0-0: Called Strike 0-1: Fly out, F7 (Flyball, 7D, EV 106.9 MPH)
|
Top of the 6th over - 0 runs, 1 hit, 0 errors, 2 left on base; Tulsa 2 - Mobile 0 |
BOTTOM OF THE 6TH |
Mobile BayBears batting - Pitching for Tulsa Drillers : RHP Jeremy Stock
|
Batting: RHB Franklin Villanueva
|
0-0: Ball 1-0: Swinging Strike 1-1: Swinging Strike 1-2: Foul Ball, location: 2F 1-2: Strikes out looking
|
Batting: LHB Josh Gottlieb
|
0-0: Ball 1-0: Swinging Strike 1-1: Fly out, F3 (Line Drive, 3, EV 70.6 MPH)
|
Batting: RHB Dave Vargas
|
0-0: Foul Ball, location: 2F 0-1: Ball 1-1: Ball 2-1: Called Strike 2-2: Foul Ball, location: 2F 2-2: Ground out 6-3 (Groundball, 6, EV 89.4 MPH)
|
Bottom of the 6th over - 0 runs, 0 hits, 0 errors, 0 left on base; Tulsa 2 - Mobile 0 |
TOP OF THE 7TH |
Tulsa Drillers batting - Pitching for Mobile BayBears : RHP Aaron Saenz
|
Batting: RHB Tony Reyna
|
0-0: Ball 1-0: Ball 2-0: Swinging Strike 2-1: Ground out 1-3 (Groundball, 13S, EV 62.5 MPH)
|
Pitching: RHP Ming-feng Pi
|
|
Batting: LHB Antonio Luis
|
0-0: Fly out, F9 (Flyball, 9LS, EV 93.8 MPH)
|
Batting: SHB Rich Rubio
|
0-0: Ball 1-0: Foul Ball, location: 2F 1-1: Ball 2-1: Fly out, F9 (Flyball, 9LS, EV 86.9 MPH)
|
Top of the 7th over - 0 runs, 0 hits, 0 errors, 0 left on base; Tulsa 2 - Mobile 0 |
BOTTOM OF THE 7TH |
Mobile BayBears batting - Pitching for Tulsa Drillers : RHP Jeremy Stock
|
Batting: LHB Bobby Arevalo
|
0-0: Ball 1-0: Ball 2-0: Ball 3-0: Called Strike 3-1: Foul Ball, location: 2F 3-2: Strikes out swinging
|
Batting: RHB Shane Smith
|
0-0: Called Strike 0-1: Foul Ball, location: 2F 0-2: Ball 1-2: Ball 2-2: Strikes out swinging
|
Batting: LHB Josh Kirk
|
0-0: Ball 1-0: Ball 2-0: Ball 3-0: Base on Balls
|
Pitching: RHP Justin Donovan
|
|
Batting: RHB Toichiro Fujimoto
|
0-0: Ball Josh Kirk steals 2nd base 1-0: Called Strike 1-1: Called Strike 1-2: Ball 2-2: Ball 3-2: Strikes out swinging
|
Bottom of the 7th over - 0 runs, 0 hits, 0 errors, 1 left on base; Tulsa 2 - Mobile 0 |
TOP OF THE 8TH |
Tulsa Drillers batting - Pitching for Mobile BayBears : RHP Ming-feng Pi
|
Batting: RHB Tommie Lee
|
0-0: Ball 1-0: Ball 2-0: Ground out 6-3 (Groundball, 6, EV 106.2 MPH)
|
Batting: RHB Eddie Perry
|
0-0: Called Strike 0-1: Ball 1-1: Swinging Strike 1-2: Ground out 5-3 (Groundball, 5, EV 86.2 MPH)
|
Batting: LHB Kippy McGrath
|
0-0: Ball 1-0: Ball 2-0: Ball 3-0: Called Strike 3-1: Base on Balls
|
Batting: LHB Mike Dickinson
|
0-0: Ball 1-0: Called Strike 1-1: Called Strike 1-2: Fielders Choice at 2nd, 6-4 (Groundball, 6, EV 101.9 MPH)
|
Top of the 8th over - 0 runs, 0 hits, 0 errors, 1 left on base; Tulsa 2 - Mobile 0 |
BOTTOM OF THE 8TH |
Mobile BayBears batting - Pitching for Tulsa Drillers : RHP Justin Donovan
|
Now at 1B: Rich Rubio
|
|
Now in CF: Darius Vinson
|
|
Batting: RHB Andy Schuett
|
0-0: Ball 1-0: Ball 2-0: Swinging Strike 2-1: SINGLE (Flyball, 8LS, EV 95.0 MPH)
|
Batting: RHB Casey Stripling
|
0-0: Ball 1-0: Foul Ball, location: 2F 1-1: Called Strike 1-2: Ball 2-2: Ball 3-2: SINGLE (Line Drive, 7S, EV 90.0 MPH) Andy Schuett to second
|
Batting: RHB Franklin Villanueva
|
0-0: Ball 1-0: Foul Ball, location: 2F 1-1: Ball 2-1: Ball 3-1: Foul Ball, location: 2F 3-2: Fielders Choice at 2nd, 6-4 (Groundball, 6S, EV 86.2 MPH) Andy Schuett to third
|
Batting: LHB Josh Gottlieb
|
0-0: Foul Ball, location: 2F 0-1: Swinging Strike 0-2: Ball 1-2: Ball 2-2: Strikes out swinging
|
Batting: RHB Dave Vargas
|
0-0: Called Strike 0-1: Ball 1-1: Ball 2-1: Fly out, F8 (Flyball, 8LXD, EV 95.0 MPH)
|
Bottom of the 8th over - 0 runs, 2 hits, 0 errors, 2 left on base; Tulsa 2 - Mobile 0 |
TOP OF THE 9TH |
Tulsa Drillers batting - Pitching for Mobile BayBears : RHP Ming-feng Pi
|
Pitching: RHP Jose Fernandez
|
|
Batting: LHB Fernando Amaya
|
0-0: Ball 1-0: Called Strike 1-1: Swinging Strike 1-2: Foul Ball, location: 2F 1-2: Foul Ball, location: 2F 1-2: Foul Ball, location: 2F 1-2: Strikes out swinging
|
Batting: RHB Kevin Ezell
|
0-0: Ball 1-0: Called Strike 1-1: Foul Ball, location: 2F 1-2: Ball 2-2: Strikes out looking
|
Batting: RHB Tony Reyna
|
0-0: Called Strike 0-1: Called Strike 0-2: Ball 1-2: Ball 2-2: Strikes out swinging
|
Top of the 9th over - 0 runs, 0 hits, 0 errors, 0 left on base; Tulsa 2 - Mobile 0 |
BOTTOM OF THE 9TH |
Mobile BayBears batting - Pitching for Tulsa Drillers : RHP Justin Donovan
|
Pitching: RHP Jared Wisham
|
|
Batting: LHB Bobby Arevalo
|
0-0: Foul Ball, location: 2F 0-1: Ball 1-1: Foul Ball, location: 2F 1-2: Fly out, F7 (Flyball, 7D, EV 96.2 MPH)
|
Batting: RHB Shane Smith
|
0-0: Ground out 4-3 (Groundball, 4M, EV 83.8 MPH)
|
Batting: LHB Josh Kirk
|
0-0: Called Strike 0-1: Foul Ball, location: 2F 0-2: Ball 1-2: Foul Ball, location: 2F 1-2: Ground out 4-3 (Groundball, 4, EV 111.2 MPH)
|
Bottom of the 9th over - 0 runs, 0 hits, 0 errors, 0 left on base; Tulsa 2 - Mobile 0 |
|